 Dungeon Crawl Stone Soup version 0.18-a0-1577-gf591c28 (webtiles) character file.

819 Yakui the Covert (level 7, 0/33 HPs)
             Began as a Spriggan Assassin on Mar 19, 2016.
             Was an Initiate of Ashenzari.
             Succumbed to kak's ghost's toxic radiance
             ... on level 6 of the Dungeon.
             The game lasted 00:31:04 (6650 turns).

Yakui the Covert (Spriggan Assassin)                Turns: 6650, Time: 00:31:04

Health: 0/33       AC:  9    Str: 12    XL:     7   Next: 63%
Magic:  8/8        EV: 26    Int: 12    God:    Ashenzari [......]
Gold:   246        SH:  0    Dex: 24    Spells: 0 memorised, 6 levels left

rFire  . . .     SeeInvis +     u - +2 dagger (protect) (curse)
rCold  . . .     Gourm    .     c - +0 robe
rNeg   . . .     Faith    .     (shield restricted)
rPois  .         Spirit   .     (helmet restricted)
rElec  .         Dismiss  .     d - +1 cloak
rCorr  .         Reflect  .     (gloves unavailable)
SustAt .         Harm     .     (boots unavailable)
MR     +....                    (no amulet)
Stlth  +++++.....               h - +5 ring of strength
                                n - +4 ring of dexterity (curse)

@: lethally poisoned (0 -> -24), very quick, somewhat resistant to hostile
enchantments, quite stealthy
A: unfitting armour, see invisible, herbivore 3, speed 3, slow metabolism 2
a: Curse Item, Renounce Religion


You were on level 6 of the Dungeon.
You worshipped Ashenzari.
Ashenzari was noncommittal.
You were not hungry.

You visited 2 branches of the dungeon, and saw 7 of its levels.
You also visited: Ossuary.

You collected 246 gold pieces.

Inventory:

Hand Weapons
 b - a +0 blowgun
 u - a cursed +2 dagger of protection (weapon)
Missiles
 e - 28 poisoned needles
 f - 2 curare-tipped needles
Armour
 c - a +0 robe (worn)
 d - a +1 cloak (worn)
Jewellery
 h - a +5 ring of strength (right hand)
 m - an uncursed ring of flight
 n - a cursed +4 ring of dexterity (left hand)
 o - an uncursed ring of ice
 v - an uncursed ring of wizardry
 z - an uncursed ring of ice
Wands
 p - a wand of slowing (41/48)
Scrolls
 a - 4 scrolls of fear
Potions
 i - a potion of heal wounds {unknown}
 j - a potion of berserk rage
 l - a potion of might
 q - a potion of invisibility
 r - a potion of flight
 s - a potion of mutation {unknown}
 t - 3 potions of ambrosia {unknown}
 w - 4 potions of curing
 x - a potion of magic {unknown}
 A - a potion of agility {unknown}
Comestibles
 g - 4 bread rations
 k - a royal jelly


   Skills:
 - Level 1.5 Fighting
 + Level 6.0 Short Blades
 - Level 2.0 Throwing
 + Level 7.2 Dodging
 + Level 9.2 Stealth
 - Level 1.0 Evocations


You had 6 spell levels left.
You didn't know any spells.

Dungeon Overview and Level Annotations

Branches:
Dungeon (6/15)             Temple (1/1) D:5

Altars:
Ashenzari
Cheibriados
Elyvilon
Fedhas
Kikubaaqudgha
Nemelex Xobeh
Pakellas
Qazlal
Ru
Vehumet
Xom
Yredelemnul
The Shining One

Shops:
D:4 (

Annotations:
D:6 kak's ghost, amateur OpVM


Innate Abilities, Weirdness & Mutations

You are tiny and cannot use many weapons and most armour.
You have supernaturally acute eyesight.
You are a herbivore.
You cover ground extremely quickly.
You need consume almost no food.


Message History

Kak's ghost mumbles some strange words.
Kak's ghost begins to radiate toxic energy.
You swing at nothing.
You are poisoned.
You hit kak's ghost.
Kak's ghost is lightly damaged.
You feel sick.
You are no longer poisoned.
You are poisoned.
You feel sick.
You feel sick.
You are more poisoned.
You feel sick.
* * * LOW HITPOINT WARNING * * *
You are more poisoned.
* * * LOW HITPOINT WARNING * * *
You feel sick.
* * * LOW HITPOINT WARNING * * *
You are more poisoned.
You die...

#.####### #.....# #..
#.......#########.####
#..
#.#####.##......#.#######
#.
#.#####.##.####.#.......#
#....##.##.####.#.#####.#
#(##.##.##.##...W.#
#.............#.#.......
##########.####.#.##....
#...@..#.. ...
########.#. # #.#.# #.. .
## ##


There were no monsters in sight!

Vanquished Creatures
  A water moccasin (D:6)
  The ghost of Hilldric the Cudgeler, an amateur OgBe of Trog (D:4)
  A necrophage (D:5)
  A scorpion (D:4)
  A jelly (D:5)
  A hound (D:4)
  An iguana (D:5)
  An orc wizard (D:5)
  A worker ant (D:5)
  A big kobold zombie (Ossuary)
  A hound skeleton (D:4)
  3 mummies
  14 gnolls
  5 adders
  2 oozes (D:2)
  A worm (D:3)
  3 dart slugs
  A giant gecko (D:3)
  9 orcs
  4 bats
  7 giant cockroaches
  A gnoll zombie (Ossuary)
  6 goblins
  8 hobgoblins
  3 kobolds (D:2)
  A quokka (D:1)
  6 giant newts
  2 hobgoblin zombies (Ossuary)
  3 orc zombies (Ossuary)
  A quokka skeleton (D:3)
  4 rats
95 creatures vanquished.

Vanquished Creatures (others)
  2 mummies (D:4)
  A gnoll (D:4)
  A howler monkey skeleton (D:5)
4 creatures vanquished.

Grand Total: 99 creatures vanquished

Notes
Turn   | Place    | Note
--------------------------------------------------------------
     0 | D:1      | Yakui the Spriggan Assassin began the quest for the Orb.
     0 | D:1      | Reached XP level 1. HP: 10/10 MP: 2/2
   306 | D:1      | Reached XP level 2. HP: 14/14 MP: 3/3
   329 | D:1      | Reached skill level 6 in Stealth
   841 | D:1      | You fall through a shaft!
  1384 | D:2      | Reached XP level 3. HP: 12/18 MP: 4/4
  2624 | D:3      | Reached skill level 1 in Evocations
  2789 | D:3      | Found a stormy altar of Qazlal.
  2791 | D:3      | Noticed an earth elemental
  2815 | D:3      | Reached XP level 4. HP: 22/22 MP: 5/5
  3464 | D:3      | Noticed a water elemental
  3471 | D:3      | Noticed a fire elemental
  3477 | D:3      | Noticed an air elemental
  3837 | D:4      | Found an ancient bone altar of Kikubaaqudgha.
  3841 | D:4      | Reached skill level 7 in Stealth
  3841 | D:4      | Reached XP level 5. HP: 25/25 MP: 6/6
  3873 | D:4      | Found a sand-covered staircase.
  3880 | Ossuary  | Entered an ossuary
  3946 | Ossuary  | Reached skill level 5 in Dodging
  4065 | D:4      | Found Pofochan's Antique Weapon Boutique.
  4456 | D:4      | Reached XP level 6. HP: 30/30 MP: 7/7
  4503 | D:4      | Noticed Hilldric's ghost (amateur OgBe)
  5294 | D:4      | Killed Hilldric's ghost
  5294 | D:4      | Reached skill level 5 in Short Blades
  5294 | D:4      | Reached skill level 8 in Stealth
  5539 | D:5      | Entered Level 5 of the Dungeon
  6047 | D:5      | Reached XP level 7. HP: 33/33 MP: 8/8
  6150 | D:5      | Found a staircase to the Ecumenical Temple.
  6159 | Temple   | Entered the Ecumenical Temple
  6287 | Temple   | Became a worshipper of Ashenzari the Shackled
  6516 | D:6      | Reached skill level 9 in Stealth
  6533 | D:6      | Noticed kak's ghost (amateur OpVM)
  6649 | D:6      | HP: 1/33 [kak's ghost/Olgreb's Toxic Radiance (4)]
  6650 | D:6      | Succumbed to kak's ghost's toxic radiance

Vault maps used:
D:1:      dpeg_arrival_circle_labyrinth_c, serial_glass, glass_columns_a,
          glass_columns_a, item_on_display_a, item_on_display_a,
          item_on_display_b
D:3:      nicolae_qazlal_style_of_elements
D:4:      lemuel_coloured_pillars_altar, serial_shops, shop, first_bread,
          gup_ossuary_entry_pyramid
D:5:      lemuel_temple_firewalk, kennysheep_generic_room_3
D:6:      okawaru_metal_pillars_1_2, st_stairs_7
Temple:   circular_temple_12
Ossuary:  ossuary_tomb_3

Skill      XL: |  1  2  3  4  5  6  7 |
---------------+----------------------+-----
Dodging        | 2 3 4 5 6 7 |  7.2
Stealth        | 6 7 8 9 |  9.2
Short Blades   | 3 4 5 6 |  6.0
Evocations     | 1 |  1.0
Fighting       | |  1.5
Throwing       | |  2.0

Action                   |  1- 3 |  4- 6 |  7- 9 || total
-------------------------+-------+-------+-------++-------
Melee: Dagger            |   166 |   246 |    33 ||   445
 Fire: Blowgun           |       |    32 |     1 ||    33
Invok: Curse Item        |       |       |     2 ||     2
  Use: Scroll            |     4 |     8 |     1 ||    13
 Stab: Sleeping          |    11 |    12 |     6 ||    29
       Distracted        |     1 |     2 |       ||     3
  Eat: Bread ration      |       |     1 |       ||     1
